 Dungeon Crawl Stone Soup version 0.31-a0-659-gc5a091b79a (webtiles) character file.

Game seed: 1470958516021275161

19150 Revguard the Covert (level 12, -3/96 HPs)
             Began as a Demonspawn Brigand on Aug 31, 2023.
             Was a Believer of Ashenzari.
             Shot with an arrow by a centaur warrior (16 damage)
             ... on level 13 of the Dungeon.
             The game lasted 00:48:27 (13700 turns).

Revguard the Covert (Demonspawn Brigand)           Turns: 13700, Time: 00:48:28

Health: -3/96      AC: 17    Str: 11    XL:     12   Next: 34%
Magic:  12/12      EV: 14    Int: 13    God:    Ashenzari [**....]
Gold:   1107       SH:  9    Dex: 32    Spells: 11/11 levels left

rFire   . . .        O - +3 dagger (speed)
rCold   . . .        (no shield)
rNeg    . . .        R - +0 scale mail of Apeoromancy {rCorr Dex+3 Slay+3 Stlth+, Dev, Alch} (curse)
rPois   .            (helmet restricted)
rElec   .            c - +0 cloak
rCorr   +            I - +2 pair of gloves {Dex+3}
SInv    +            m - +0 pair of boots
Will    .....        x - amulet "Restrained Adversity" {Reflect SH+5, Alch, Self} (curse)
Stlth   ++++         L - +4 ring of protection
HPRegen 0.36/turn    w - ring of Ashenzari's Polytheism {Slay+4, Self, Comp} (curse)
MPRegen 0.13/turn

%: reflection, clarity
@: very slow
A: hooves 2, thin skeletal structure 3, foul stench 2, antennae 1, large bone
plates 1, clarity
a: Renounce Religion, Shatter the Chains


You were on level 13 of the Dungeon.
You worshipped Ashenzari.
Ashenzari was pleased with you.
You visited 1 branch of the dungeon, and saw 13 of its levels.

You collected 1107 gold pieces.

Inventory:

Hand Weapons
 M - a +2 scimitar
 O - a +3 dagger of speed (weapon)
Missiles
 d - 11 poisoned darts (quivered)
 N - 3 throwing nets
Armour
 c - a +0 cloak (worn)
 j - a +2 helmet
 m - a +0 pair of boots (worn)
 I - a +2 pair of gloves of dexterity (worn)
 R - the cursed +0 scale mail of Apeoromancy (worn) {rCorr Dex+3 Slay+3 Stlth+, Dev, Alch}
   (You found it on level 11 of the Dungeon)

   Dex+3:     It affects your dexterity (+3).
   Slay+3:    It affects your accuracy & damage with ranged weapons and melee
   (+3).
   rCorr:     It protects you from acid and corrosion.
   Stlth+:    It makes you more stealthy.
   It has a curse which improves the following skills: Devices: Evocations and
   Shapeshifting.
   Alchemy:   Poison Magic and Transmutations.
Jewellery
 e - a ring of positive energy
 g - a ring of willpower
 h - a ring of ice
 i - a +6 ring of dexterity
 r - an amulet of magic regeneration
 w - the cursed ring of Ashenzari's Polytheism (right hand) {Slay+4, Self, Comp}
   (You took it off a centaur on level 6 of the Dungeon)

   [ring of slaying]

   Slay+4:    It affects your accuracy & damage with ranged weapons and melee
   (+4).
   It has a curse which improves the following skills: Introspection: Fighting
   and Spellcasting.
   Companions: Summonings and Necromancy.
 x - the cursed amulet "Restrained Adversity" (around neck) {Reflect SH+5, Alch, Self}
   (You found it on level 6 of the Dungeon)

   [amulet of reflection]

   Reflect:   It reflects blocked missile attacks.
   SH+5:      It affects your SH (+5).
   It has a curse which improves the following skills: Alchemy: Poison Magic and
   Transmutations.
   Introspection: Fighting and Spellcasting.
 L - a +4 ring of protection (left hand)
Wands
 o - a wand of paralysis (3)
 t - a wand of flame (17)
 u - a wand of iceblast (2)
 B - a wand of mindburst (12)
Scrolls
 a - a scroll of amnesia
 f - 11 scrolls of identify
 k - 2 scrolls of revelation
 l - a scroll of blinking
 n - a scroll of poison
 p - a scroll of enchant armour
 q - a scroll of fear
 E - a scroll of fog
 G - a scroll of vulnerability
 H - 4 scrolls of teleportation
Potions
 b - a potion of resistance
 s - 2 potions of degeneration
 v - 4 potions of brilliance
 z - a potion of curing
 A - a potion of haste
 C - 2 potions of berserk rage
 D - 3 potions of attraction
 F - 3 potions of cancellation


   Skills:
 + Level 7.8(9.6) Fighting
 + Level 7.1 Short Blades
 + Level 7.1 Throwing
 + Level 6.4 Armour
 + Level 6.5 Dodging
 * Level 11.0 Stealth
 + Level 7.0(8.2) Evocations


You had 11 spell levels left.
You didn't know any spells.
Your spell library contained the following spells:

 Spells                   Type           Power      Damage    Failure   Level
 Summon Small Mammal      Summ           0%         N/A       80%         1
 Magic Dart               Conj           0%         1d3       83%         1
 Call Imp                 Summ           0%         N/A       91%         2
 Cigotuvi's Dreadful Rot  Necr/Pois/Air  0%         N/A       91%         2
 Call Canine Familiar     Summ           0%         N/A       99%         3
 Ignite Poison            Fire/Tmut/Pois 0%         N/A       99%         3
 Mephitic Cloud           Conj/Pois/Air  0%         N/A       99%         3
 Summon Guardian Golem    Hex/Summ       0%         N/A       99%         3
 Vhi's Electric Charge    Tloc/Air       0%         N/A       100%        4
 Arcjolt                  Conj/Air       0%         1d10      100%        5
 Freezing Cloud           Conj/Ice/Air   0%         6-21      100%        5
 Maxwell's Capacitive Co  Air            0%         ∞         100%        8


Dungeon Overview and Level Annotations

Branches:
Dungeon (13/15)            Temple (0/1) D:6            Lair (0/5) D:9
    Orc (0/2) D:12
 Vaults: D:13-14

Altars:
Ashenzari
Fedhas
Hepliaklqana
Kikubaaqudgha
Makhleb
Nemelex Xobeh
Ru
Sif Muna
Uskayaw
Vehumet
Wu Jian
Xom
Yredelemnul

Annotations:
D:11 2 runed translucent doors, onyshiwa's ghost, journeyman MiBe


Innate Abilities, Weirdness & Mutations

You have hoof-like feet.
You have an unnaturally thin skeletal structure. (Dex +6, Stealth+++)
You sometimes emit foul miasma when damaged in melee.
You have a pair of small antennae on your head.
You are partially covered in large bone plates. (SH +4)
You possess an exceptional clarity of mind.


Message History

You kill the electric eel!
Okay, then.
Throw: 14 darts (poison)
Press: ? - help, Q - select action, (/) - cycle Shift-Dir - straight line, f - centaur warrior
Aim: a centaur warrior, wielding a +0 shortbow (wandering, hasn't noticed you, 80% to hit)
You throw a poisoned dart.
The poisoned dart completely misses the centaur warrior.
The centaur warrior shouts!
The centaur warrior shoots an arrow.
The arrow hits you.
Throw: 13 darts (poison)
Press: ? - help, Q - select action, (/) - cycle Shift-Dir - straight line, f/p - centaur warrior
Aim: a centaur warrior, wielding a +0 shortbow (80% to hit)
You throw a poisoned dart.
The poisoned dart hits the centaur warrior.
The centaur warrior is poisoned.
The centaur warrior shoots an arrow.
The arrow hits you!
Throw: 12 darts (poison)
Press: ? - help, Q - select action, (/) - cycle Shift-Dir - straight line, f/p - centaur warrior
Aim: a centaur warrior, wielding a +0 shortbow (poisoned, 80% to hit)
You throw a poisoned dart.
The poisoned dart hits the centaur warrior!
The centaur warrior looks even sicker.
The centaur warrior shoots an arrow.
You block the arrow with an invisible shield... and reflect it back!
The arrow hits the centaur warrior!
The centaur warrior shoots an arrow.
The arrow hits you!
The centaur warrior shoots an arrow.
The arrow hits you!
The centaur warrior shoots an arrow.
The arrow hits you!
The centaur warrior shoots an arrow.
The arrow hits you!
The centaur warrior shoots an arrow.
The arrow hits you!
The centaur warrior shoots an arrow.
The arrow hits you!
* * * LOW HITPOINT WARNING * * *
The centaur warrior shoots an arrow.
The arrow barely misses you.
The centaur warrior shoots an arrow.
You block the arrow with an invisible shield... and reflect it back!
The arrow hits the centaur warrior!!
The centaur warrior shoots an arrow.
The arrow hits you!
* * * LOW HITPOINT WARNING * * *
The centaur warrior shoots an arrow.
The arrow hits you!
You die...

####### (.....~####
.....~~c~(### ~~~.(~~~~~~~##
##########
~~~~~~~~~#~~~########~~~~~~#~##
~~~~~~~#####~~~~~#~~~~~~~~~~~~~
~~~~~~# ##~~~~~~~~~~~~~~~~~~
~~~~~. ##@~~÷~÷~~~~~~~~~~~
~~.~~. ##~~~~~~~~~##~~~~~ .....
###~#########~~~~ ..... #~#
#...~. ### #.##.. #.##.. #.##..
#.###. #.# #.


You could see a centaur warrior (very poisoned).

Vanquished Creatures
  Nessos (D:13)
  Erolcha (D:13)
  2 two-headed ogres
  2 boulder beetles
  Lodul (D:13)
  An ugly thing (D:11)
  4 cyclopes
  3 slime creatures (D:12)
  2 gargoyles (D:12)
  2 komodo dragons
  4 trolls
  4 hornets
  3 water elementals (D:13)
  3 yaks (D:11)
  2 vampire mosquitoes (D:9)
  Menkaure (D:6)
  Edmund (D:5)
  A water moccasin (D:7)
  An acid dragon (D:9)
  2 sky beasts (D:8)
  4 orc warriors
  3 wolves (D:9)
  11 ogres
  4 boggarts (D:11)
  12 centaurs
  2 phantoms
  4 gnoll sergeants
  Blork the orc (D:5)
  3 bullfrogs (D:7)
  6 necrophages (D:6)
  A wyvern zombie (D:6)
  A water moccasin zombie (D:6)
  4 scorpions
  3 wights
  16 killer bees
  8 howler monkeys
  10 electric eels
  4 centaur zombies (D:6)
  8 hounds
  2 bullfrog zombies (D:6)
  A jelly (D:7)
  A human zombie (D:6)
  4 orc priests
  2 sleepcaps
  Jessica (D:3)
  4 iguanas
  7 orc wizards
  3 killer bee zombies (D:6)
  2 mummies (D:6)
  18 gnolls
  12 adders
  A shadow imp (D:7)
  2 ufetubi (D:5)
  A worm (D:2)
  4 dart slugs
  39 orcs
  9 bats
  8 endoplasms
  A giant cockroach (D:3)
  7 goblins
  6 hobgoblins
  5 jackals
  10 kobolds
  6 quokkas
  4 ball pythons
  3 frilled lizards
  5 rats
314 creatures vanquished.

Vanquished Creatures (collateral kills)
  A manticore (D:11)
  A slime creature (D:12)
  A boggart (D:11)
  An orc priest (D:11)
  An orc (D:11)
5 creatures vanquished.

Vanquished Creatures (others)
  2 orc wizards
2 creatures vanquished.

Grand Total: 321 creatures vanquished

Notes
Turn   | Place    | Note
-------+----------+-------------------------------------------
     0 | D:1      | Revguard the Demonspawn Brigand began the quest for the
                  | Orb.
     0 | D:1      | Reached XP level 1. HP: 16/16 MP: 1/1
    78 | D:1      | Reached skill level 1 in Dodging
   176 | D:1      | Gained mutation: You have a somewhat thin skeletal
                  | structure. (Dex +2, Stealth+) [demonic ancestry]
   176 | D:1      | Reached XP level 2. HP: 22/22 MP: 2/2
   693 | D:2      | Reached XP level 3. HP: 27/27 MP: 3/3
  1302 | D:2      | Reached skill level 4 in Stealth
  1364 | D:2      | Found a faded altar of an unknown god.
  1627 | D:2      | Reached skill level 1 in Evocations
  1669 | D:3      | Reached XP level 4. HP: 34/34 MP: 4/4
  1694 | D:3      | Found a burning altar of Makhleb.
  1844 | D:3      | Noticed a scorpion
  1851 | D:3      | Killed a scorpion
  1852 | D:3      | Reached skill level 1 in Armour
  2058 | D:3      | Gained mutation: You have large cloven feet. [demonic
                  | ancestry]
  2058 | D:3      | Reached XP level 5. HP: 21/39 MP: 5/5
  2534 | D:3      | Noticed Jessica
  2545 | D:3      | Killed Jessica
  2652 | D:3      | Gained mutation: You have a pair of small antennae on your
                  | head. [potion of mutation]
  2652 | D:3      | Gained mutation: You possess an exceptional clarity of
                  | mind. [potion of mutation]
  2652 | D:3      | Gained mutation: You are partially covered in large bone
                  | plates. (SH +4) [potion of mutation]
  2732 | D:4      | Gained mutation: You have a moderately thin skeletal
                  | structure. (Dex +4, Stealth++) [demonic ancestry]
  2732 | D:4      | Reached XP level 6. HP: 10/47 MP: 6/6
  2891 | D:4      | Found a broken altar of Ashenzari.
  2891 | D:4      | Found a hide-covered altar of Uskayaw.
  2907 | D:4      | Found a shimmering blue altar of Sif Muna.
  2909 | D:4      | Found a shimmering altar of Xom.
  2909 | D:4      | Found a radiant altar of Vehumet.
  2940 | D:4      | Became a worshipper of Ashenzari the Shackled
  3003 | D:4      | Reached skill level 5 in Stealth
  3288 | D:4      | Reached XP level 7. HP: 16/52 MP: 7/7
  3512 | D:5      | Entered Level 5 of the Dungeon
  3737 | D:5      | Found an ancient bone altar of Kikubaaqudgha.
  3778 | D:5      | Found a sparkling altar of Nemelex Xobeh.
  3808 | D:5      | Noticed Edmund
  3842 | D:5      | Killed Edmund
  3965 | D:5      | Gained mutation: You have hoof-like feet. [demonic
                  | ancestry]
  3965 | D:5      | Reached XP level 8. HP: 60/60 MP: 8/8
  4058 | D:5      | Reached * piety under Ashenzari
  4113 | D:5      | Noticed Blork the orc
  4120 | D:5      | Killed Blork the orc
  4560 | D:6      | Reached skill level 6 in Stealth
  4658 | D:6      | Noticed Menkaure
  4662 | D:6      | Killed Menkaure
  4943 | D:6      | Found a staircase to the Ecumenical Temple.
  5148 | D:6      | Found a basalt altar of Yredelemnul.
  5201 | D:6      | Gained mutation: You may rarely emit foul miasma when
                  | damaged in melee. [demonic ancestry]
  5201 | D:6      | Reached XP level 9. HP: 68/68 MP: 9/9
  5375 | D:6      | Reached skill level 7 in Stealth
  5395 | D:6      | Reached skill level 5 in Fighting
  5778 | D:6      | Found a blossoming altar of Fedhas.
  7008 | D:7      | Reached skill level 5 in Throwing
  7008 | D:7      | Reached skill level 8 in Stealth
  7016 | D:7      | Reached skill level 5 in Short Blades
  7121 | D:7      | Found a hazy altar of Hepliaklqana.
  7208 | D:7      | Reached XP level 10. HP: 64/77 MP: 10/10
  8297 | D:9      | Reached skill level 5 in Evocations
  8394 | D:9      | Found a staircase to the Lair.
  8666 | D:9      | Found a sacrificial altar of Ru.
  8842 | D:9      | Reached skill level 5 in Dodging
  9136 | D:9      | Noticed a two-headed ogre
  9156 | D:9      | Killed a two-headed ogre
  9157 | D:9      | Reached skill level 5 in Armour
  9157 | D:9      | Reached skill level 9 in Stealth
  9263 | D:9      | Noticed a cyclops
  9265 | D:9      | Noticed a manticore
  9295 | D:9      | Paralysed by a hornet for 3 turns
  9649 | D:10     | Entered Level 10 of the Dungeon
  9743 | D:9      | Killed a cyclops
  9744 | D:9      | Gained mutation: You have an unnaturally thin skeletal
                  | structure. (Dex +6, Stealth+++) [demonic ancestry]
  9744 | D:9      | Reached XP level 11. HP: 49/85 MP: 11/11
  9918 | D:10     | Found an ornate altar of the Wu Jian Council.
 10302 | D:11     | Found a runed translucent door.
 10330 | D:11     | Noticed a two-headed ogre
 10345 | D:11     | Noticed a boulder beetle
 10707 | D:11     | Reached ** piety under Ashenzari
 10724 | D:11     | Noticed a boulder beetle
 10746 | D:11     | Killed a boulder beetle
 10878 | D:11     | Noticed a purple ugly thing
 10884 | D:11     | Identified the +0 scale mail "Nywn" {rCorr Dex+3 Slay+3
                  | Stlth+}
 10885 | D:11     | Killed a purple ugly thing
 11014 | D:11     | Noticed onyshiwa's ghost (journeyman MiBe)
 11016 | D:11     | Noticed a lich
 11016 | D:11     | Noticed a yaktaur captain
 11017 | D:11     | Noticed a death knight
 11021 | D:11     | Found a runed translucent door.
 11024 | D:11     | Noticed a necromancer
 11025 | D:11     | Identified the ring "Giolatipn" {Wiz *Corrode rN+ Dex+4}
 11060 | D:11     | Reached skill level 10 in Stealth
 11199 | D:11     | Noticed a tengu reaver
 11623 | D:12     | Identified the +5 dagger "Eciytaud" {holy, rF+ Str+3}
 11746 | D:12     | Noticed a two-headed ogre
 11761 | D:12     | Killed a two-headed ogre
 12067 | D:12     | HP: 2/87 [large slime creature (35)]
 12268 | D:12     | Found a staircase to the Orcish Mines.
 12552 | D:13     | Noticed Nessos
 12559 | D:13     | Killed Nessos
 12560 | D:13     | Gained mutation: You sometimes emit foul miasma when
                  | damaged in melee. [demonic ancestry]
 12560 | D:13     | Reached XP level 12. HP: 94/94 MP: 12/12
 12595 | D:13     | Noticed a boulder beetle
 12595 | D:13     | Identified the +0 scale mail "Huddips" {Contam Str+5}
 12627 | D:13     | Killed a boulder beetle
 12834 | D:13     | Noticed Lodul
 12851 | D:13     | Killed Lodul
 13302 | D:13     | Noticed Erolcha
 13306 | D:13     | Killed Erolcha
 13307 | D:13     | Reached skill level 11 in Stealth
 13447 | D:13     | Noticed a centaur warrior
 13700 | D:13     | Shot with an arrow by a centaur warrior

Illustrated notes

Levels and vault maps discovered:
D:1:      lemuel_arrival_broad_hall, layout_loops_ring
D:2:      layout_loops_corners, ebering_ecumenical_altar_webs
D:3:      layout_basic, mainiacjoe_overflow_boulevard,
          mainiacjoe_overflow_24_doors, chequers_serial_rivers_micro_e,
          kennysheep_jessica_study
D:4:      layout_cave_pools, grunt_temple_overflow_open, minivault_19,
          cheibrodos_gnoll_hut
D:5:      layout_loops_corners, nemelex_dance_club_becter,
          nicolae_overflow_hidden_temple, overflow_temple_1_default,
          st_stairs_12, uniq_blork_the_orc, uniq_edmund
D:6:      layout_loops_ring, lemuel_mausoleum_altar_yredelemnul,
          fedhas_altar_decomposition, minmay_temple_entry_grid,
          grunt_ministairs_6, centaur_isle, uniq_menkaure
D:7:      layout_loops_ring, lemuel_doored_altar
D:8:      layout_rooms, chequers_serial_rivers_micro_c
D:9:      layout_irregular_city, nicolae_ru_awakened_eye, erik_lair_island,
          grunt_tough_drop
D:10:     layout_cave_pools, lemuel_crystal_altar
D:11:     layout_rooms, muffindrake_ghost_dual_entry
D:12:     layout_rooms, hiddenorc1_lemuel
D:13:     layout_basic, hangedman_decor_clover_reticule, uniq_lodul,
          uniq_erolcha, uniq_nessos

Skill      XL: |  1  2  3  4  5  6  7  8  9 10 11 12 |
---------------+-------------------------------------+-----
Dodging        | 1 2 3 4 5 6 |  6.5
Short Blades   | 2 3 4 5 6 7 |  7.1
Throwing       | 2 3 4 5 6 7 |  7.1
Stealth        | 4 5 6 8 9 10 11 | 11.0
Evocations     | 1 2 3 4 5 6 7 |  7.0
Armour         | 1 2 3 4 5 6 |  6.4
Fighting       | 3 4 5 6 7 |  7.8

Action                     |  1- 3 |  4- 6 |  7- 9 | 10-12 || total
---------------------------+-------+-------+-------+-------++-------
  Melee: Dagger            |    90 |   182 |   517 |   828 ||  1617
         Punch             |       |     1 |    13 |    22 ||    36
  Throw: Dart              |       |    16 |     5 |    27 ||    48
 Invoke: Curse Item        |       |     1 |     2 |     2 ||     5
         Shatter the Chain |       |       |     1 |     1 ||     2
  Evoke: Wand              |       |     4 |    15 |    26 ||    45
    Use: Scroll            |       |     7 |     1 |     9 ||    17
         Potion            |       |     4 |     2 |     1 ||     7
   Stab: Sleeping          |    19 |    11 |    29 |    15 ||    74
         Distracted        |       |       |       |     2 ||     2
 Armour: Robe              |    39 |   131 |    47 |       ||   217
         Leather armour    |       |       |   175 |   215 ||   390
         Scale mail        |       |       |       |    93 ||    93
  Dodge: Dodged            |    38 |   148 |   261 |   383 ||   830
  Block: Other             |       |    17 |   151 |   302 ||   470
         Reflection        |       |       |     6 |    12 ||    18

Table legend: (Time is in decaauts)
 A = Elapsed time spent in this place.
 B = Non-inter-level travel time spent in this place.
 C = Inter-level travel time spent in this place.
 D = Time resting spent in this place.
 E = Time spent auto-exploring this place.
 F = Levels seen in this place.
 G = Mean time per level.
                   A        B        C        D        E       F      G
               +--------+--------+--------+--------+--------+-----+--------+
         Total |  13351 |  13119 |    232 |   1576 |   8202 |  13 | 1027.0 |
       Dungeon |  13351 |  13119 |    232 |   1576 |   8202 |  13 | 1027.0 |
               +--------+--------+--------+--------+--------+-----+--------+

Top non-repeatable levels by time:
     D:6: 2115 daAuts
     D:9: 1480 daAuts
    D:13: 1283 daAuts
     D:3: 1051 daAuts
    D:12: 1049 daAuts
     D:5: 1033 daAuts
     D:2: 941 daAuts
     D:7: 879 daAuts
     D:4: 809 daAuts
    D:11: 781 daAuts
     D:1: 683 daAuts
    D:10: 645 daAuts
     D:8: 594 daAuts
